 Dungeon Crawl Stone Soup version 0.21.1-1-g345015f (webtiles) character file.

67 Lilu the Stinger (level 4, -2/24 HPs)
             Began as a Tengu Venom Mage on July 21, 2018.
             Slain by a crimson imp (4 damage)
             ... summoned by Natasha
             ... on level 2 of the Dungeon.
             The game lasted 00:35:22 (2134 turns).

Lilu the Stinger (Tengu Venom Mage)                 Turns: 2134, Time: 00:35:22

Health: -2/24      AC:  2    Str:  8    XL:     4   Next: 16%
Magic:  4/9        EV: 13    Int: 17    God:
Gold:   45         SH:  0    Dex: 14    Spells: 7/8 levels left

rFire    . . .     SeeInvis .   s - +0 hand axe
rCold    . . .     Gourm    .   (no shield)
rNeg     . . .     Faith    .   a - +0 robe
rPois    .         Spirit   .   (helmet restricted)
rElec    .         Reflect  .   (no cloak)
rCorr    .         Harm     .   (no gloves)
MR       .....                  (boots unavailable)
Stlth    +++.......             (no amulet)
HPRegen  0.08/turn              d - ring of stealth
MPRegen  0.11/turn              (no ring)

@: no status effects
A: beak, talons 3
a: no special abilities


You were on level 2 of the Dungeon.
You were not hungry.

You visited 1 branch of the dungeon, and saw 2 of its levels.

You collected 45 gold pieces.

Inventory:

Hand Weapons
 k - a +0 club
 l - a +0 club
 m - a +0 short sword
 s - a +0 hand axe (weapon)
 t - a +0 mace
Missiles
 i - 16 sling bullets
 p - 13 arrows
 r - 6 poisoned needles
 u - 26 stones (quivered)
Armour
 a - a +0 robe (worn)
 f - a +0 pair of gloves
 n - a +0 ring mail
 o - a +0 buckler
Jewellery
 d - a ring of stealth (left hand)
Scrolls
 g - 2 scrolls of teleportation {unknown}
 h - a scroll of enchant weapon {unknown}
 j - a scroll of fear {unknown}
Potions
 q - a potion of invisibility {unknown}
Books
 b - a Young Poisoner's Handbook

   Spells                             Type                      Level
   a - Sting                          Conjuration/Poison           1
   b - Poisonous Vapours              Poison/Air                   2
   c - Mephitic Cloud                 Conjuration/Poison/Air       3
   d - Olgreb's Toxic Radiance        Poison                       4
   e - Venom Bolt                     Conjuration/Poison           5
Comestibles
 c - a ration


   Skills:
 + Level 0.6 Armour
 + Level 2.4 Dodging
 - Level 2.2 Stealth
 * Level 2.6 Spellcasting
 * Level 2.4 Conjurations
 * Level 3.7 Poison Magic


You had 7 spell levels left.
You knew the following spells:

 Your Spells              Type           Power        Failure   Level  Hunger
a - Sting                 Conj/Pois      ##..         4%          1    #......


Dungeon Overview and Level Annotations

Branches:
Dungeon (2/15)

Altars:

Annotations:
D:2 Natasha


Innate Abilities, Weirdness & Mutations

You have a beak for a mouth.
You have claws for feet.


Message History

You feel disoriented.
Natasha looks more healthy.
Natasha mumbles some strange words.
Casting: Sting
Confirm with . or Enter, or press ? or * to list all spells.
Aiming: Sting
Press: ? - help, Shift-Dir - straight line, f/p - Natasha
Aim: Natasha (severely wounded)
The sting hits the crimson imp.
The crimson imp completely resists.
The crimson imp hits you but does no damage.
Natasha hisses.
Casting: Sting
Confirm with . or Enter, or press ? or * to list all spells.
Aiming: Sting
Press: ? - help, Shift-Dir - straight line, f/p - Natasha
Aim: Natasha (severely wounded)
The sting hits the crimson imp.
The crimson imp is lightly wounded.
The crimson imp hits you.
You die...

#.#.##########.#
#.#.##########.#
#.#.........##.#
#.#..........#.#
###.#....####..#.#
............#..#.#
#########.###.<#.#
.#.....)....#.##.#
.#.###.........#@#
.#.#......<.#).#5#
.#.#.######.#..#h#
.#.#........#..#.#
.#....[######..#5#
...>.....).....5.#
.##....#######.#.#
...........###.#.#
........##.....#.#


You could see Natasha, 2 crimson imps and a white imp.

Vanquished Creatures
  Robin (D:2)
  2 dart slugs
  A leopard gecko (D:1)
  8 bats
  2 giant cockroaches
  6 goblins
  10 hobgoblins
  3 jackals (D:2)
  3 frilled lizards (D:1)
  5 kobolds
  6 rats
47 creatures vanquished.

Notes
Turn   | Place    | Note
-------+----------+-------------------------------------------
     0 | D:1      | Lilu the Tengu Venom Mage began the quest for the Orb.
     0 | D:1      | Reached XP level 1. HP: 10/10 MP: 4/4
   300 | D:1      | Reached XP level 2. HP: 9/15 MP: 0/6
   894 | D:1      | Reached XP level 3. HP: 16/19 MP: 0/7
  1645 | D:2      | Noticed Robin
  1785 | D:2      | Killed Robin
  1785 | D:2      | Reached XP level 4. HP: 6/24 MP: 4/8
  2105 | D:2      | Noticed Natasha
  2119 | D:2      | HP: 1/24 [Natasha/magic dart (10)]
  2134 | D:2      | Slain by a crimson imp

Skill      XL: |  1  2  3 |
---------------+----------+-----
Conjurations   | 2 |  2.4
Armour         | |  0.6
Dodging        | |  2.4
Stealth        | |  2.2
Spellcasting   | |  2.6
Poison Magic   | |  3.7

Action                   |  1- 3 |  4- 6 || total
-------------------------+-------+-------++-------
 Cast: Sting             |    94 |    16 ||   110
  Eat: Ration            |     2 |       ||     2
Armor: Ring mail         |    15 |       ||    15
       Robe              |     3 |     1 ||     4
Dodge: Dodged            |    37 |     3 ||    40
Block: Buckler           |     6 |       ||     6
